 Dungeon Crawl Stone Soup version 0.31.0-11-ge490571c62 (webtiles) character file.

Game seed: 10372121811293641049

217 Amelense the Slasher (level 5, -2/41 HPs)
             Began as a Human Fighter on Feb 8, 2024.
             Splashed by a jelly's acid (7 damage)
             ... on level 4 of the Dungeon.
             The game lasted 00:14:30 (2311 turns).

Amelense the Slasher (Human Fighter)                Turns: 2311, Time: 00:14:30

Health: -2/41      AC: -5    Str: 16    XL:     5   Next: 94%
Magic:  5/5        EV:  8    Int:  8    God:
Gold:   215        SH:  5    Dex: 15    Spells: 4/4 levels left

rFire   . . .        a - +0 long sword (venom)
rCold   . . .        c - +0 buckler
rNeg    . . .        b - +0 scale mail
rPois   +            (helmet currently unavailable)
rElec   .            (cloak currently unavailable)
rCorr   .            (gloves currently unavailable)
SInv    .            (boots currently unavailable)
Will    .....        (no amulet) Stlth
                     h - ring of poison resistance
HPRegen 0.26/turn    l - ring of flight
MPRegen 0.09/turn

%: no passive effects
@: beast-form, corroded, flying
A: beast (slay +0), explore regen
a: Begin Untransformation


You were on level 4 of the Dungeon.
You were a hulking beast.
You visited 1 branch of the dungeon, and saw 4 of its levels.

You collected 215 gold pieces.

Inventory:

Hand Weapons
 a - a +0 long sword of venom (weapon)
Armour
 b - a +0 scale mail (worn)
 c - a +0 buckler (worn)
 t - a +0 chain mail
Jewellery
 h - a ring of poison resistance (left hand)
 l - a ring of flight (right hand)
Talismans
 k - a beast talisman (active)
 m - a maw talisman
Scrolls
 e - 3 scrolls of teleportation
 g - a scroll of vulnerability {unknown}
 n - 3 scrolls of torment
 q - a scroll of identify
 s - a scroll of blinking {unknown}
 u - a scroll of fog {unknown}
 v - a scroll of enchant armour {unknown}
Potions
 d - 2 potions of might
 f - a potion of ambrosia
 i - a potion of heal wounds {unknown}
 j - a potion of attraction (quivered) {unknown}
 o - a potion of berserk rage {unknown}
 p - a potion of brilliance {unknown}
 r - 2 potions of resistance
 w - a potion of enlightenment {unknown}


   Skills:
 - Level 3.3 Fighting
 * Level 5.5 Long Blades
 - Level 3.2 Armour
 - Level 3.2 Shields


You had 4 spell levels left.
You didn't know any spells.
Your spell library contained the following spells:

 Spells                   Type           Power      Damage    Failure   Level
 Slow                     Hex            0%         N/A       89%         1
 Call Imp                 Summ           0%         N/A       96%         2
 Sublimation of Blood     Necr           0%         N/A       96%         2
 Confusing Touch          Hex            0%         N/A       99%         3
 Sigil of Binding         Hex            0%         N/A       99%         3
 Vampiric Draining        Necr           0%         2d6       99%         3
 Olgreb's Toxic Radiance  Alch           0%         N/A       100%        4
 Ozocubu's Refrigeration  Ice            0%         4d7       100%        7
 Summon Hydra             Summ           0%         N/A       100%        7
 Discord                  Hex            0%         N/A       100%        8


Dungeon Overview and Level Annotations

Branches:
Dungeon (4/15)
 Temple: D:4-7

Altars:
Elyvilon
Xom


Innate Abilities, Weirdness & Mutations

You are a hulking beast.
Your limbs bulge with bestial killing power. (Slay +0)
You regain HP and MP as you explore.


Message History

The orc barely misses you.
You hit the orc.
The orc is severely wounded.
You block the orc's attack.
You closely miss the orc.
The orc is severely wounded.
You block the orc's attack.
You hit the orc but do no damage.
The orc is poisoned.
The orc is severely wounded.
You kill the orc!
The jelly barely misses you.
The jelly jiggles.
The jelly hits you but does no damage. The kobold attacks as it pursues you!
The kobold hits you but does no damage. The jelly hits you but does no damage.
Things that are here:
a +0 trident; an orc corpse You slash the jelly!
The acid corrodes you!
Your hands burn!
The jelly is moderately wounded.
The jelly hits you.
You are splashed with acid!
The kobold barely misses you.
You hit the kobold but do no damage.
The kobold is poisoned.
You block the jelly's attack. The kobold barely misses you.
You hit the jelly. The acid corrodes you!
Your hands burn!
The jelly is severely wounded.
You kill the kobold!
The jelly closely misses you.
You barely miss the jelly.
The jelly is severely wounded.
The jelly hits you.
You are splashed with acid!
You hit the jelly.
Your hands burn!
* * * LOW HITPOINT WARNING * * *
The jelly is severely wounded.
You block the jelly's attack.
You hit the jelly.
Your hands burn!
* * * LOW HITPOINT WARNING * * *
The jelly is almost dead.
The jelly hits you.
* * * LOW HITPOINT WARNING * * *
The acid corrodes you!
You are splashed with acid!
You die...

#.... ................
.#.... #.......##.))#
......####+#....###..†.
#...........)......###
#..................###
#...#)...).........##.
##.##..##......##........
.......#J................
......))h...........####.
.....#.#.###.#..#........
... ...#+# ..#..#+#..###.
. ...#. ............ #.
.....#. .#........ #.
##.. #. #........... #.
## #. ....#. .. ......
......


You could see a jelly.

Vanquished Creatures
  A bombardier beetle (D:3)
  Jessica (D:3)
  An iguana (D:4)
  3 gnolls (D:3)
  2 adders
  2 ribbon worms (D:2)
  7 orcs
  7 endoplasms
  2 giant cockroaches
  7 hobgoblins
  4 jackals (D:3)
  10 kobolds
  A quokka (D:1)
  7 ball pythons
  6 bats
  3 frilled lizards
  6 goblins
  2 rats (D:3)
72 creatures vanquished.

Notes
Turn   | Place    | Note
-------+----------+-------------------------------------------
     0 | D:1      | Amelense the Human Fighter began the quest for the Orb.
     0 | D:1      | Reached XP level 1. HP: 18/18 MP: 1/1
    84 | D:1      | Found a faded altar of an unknown god.
   117 | D:1      | Reached XP level 2. HP: 23/24 MP: 2/2
   642 | D:1      | Reached XP level 3. HP: 29/29 MP: 3/3
   940 | D:2      | Reached skill level 3 in Long Blades
  1542 | D:3      | Found a white marble altar of Elyvilon.
  1555 | D:3      | Reached skill level 4 in Long Blades
  1555 | D:3      | Reached XP level 4. HP: 35/35 MP: 4/4
  1619 | D:3      | Reached XP level 5. HP: 28/41 MP: 5/5
  1893 | D:3      | Noticed Jessica
  1902 | D:3      | Killed Jessica
  1903 | D:3      | Reached skill level 5 in Long Blades
  2002 | D:3      | Found a shimmering altar of Xom.
  2311 | D:4      | Splashed by a jelly's acid

Illustrated notes

Levels and vault maps discovered:
D:1:      amcnicky_arrival_flooded_fountain, layout_basic,
          hellmonk_ecumenical_altar_inner_sanctum
D:2:      layout_loops_cross
D:3:      layout_rooms, elyvilon_altar_3, amcnicky_altar_gilded, uniq_jessica
D:4:      layout_basic, mainiacjoe_overflow_tiny_flanked, uniq_pargi

Skill      XL: |  1  2  3  4  5 |
---------------+----------------+-----
Long Blades    | 4 5 |  5.5
Fighting       | |  3.3
Armour         | |  3.2
Shields        | |  3.2

Action                     |  1- 3 |  4- 6 || total
---------------------------+-------+-------++-------
  Melee: Long sword        |    97 |    89 ||   186
    Use: Scroll            |     5 |     1 ||     6
         Potion            |     2 |       ||     2
 Armour: Scale mail        |    74 |    90 ||   164
  Dodge: Dodged            |    36 |    48 ||    84
  Block: Buckler           |    25 |    30 ||    55
   Form: Beast             |       |     1 ||     1
